 Dungeon Crawl Stone Soup version 0.13.0-25-g43d4df3 (webtiles) character file.

173 Leibowitz the Skirmisher (level 4, -12/28 HPs)
             Began as a Kobold Fighter on Oct 27, 2013.
             Mangled by a gnoll
             ... wielding a +0,+0 halberd
              (18 damage)
             ... on Level 2 of the Dungeon.
             The game lasted 00:04:34 (1599 turns).

Leibowitz the Skirmisher (Kobold Fighter)           Turns: 1599, Time: 00:04:35

HP -12/28        AC  2     Str 19      XL: 4   Next: 58%
MP   3/3         EV 14     Int  6      God:
Gold 96          SH 11     Dex 15      Spells:  0 memorised,  3 levels left

Res.Fire  : . . .   See Invis. : .   a - +0 short sword
Res.Cold  : . . .   Warding    : .   g - +0 orc robe
Life Prot.: . . .   Conserve   : .   c - +0 buckler
Res.Poison: .       Res.Corr.  : .   (no helmet)
Res.Elec. : .       Clarity    : .   (no cloak)
Sust.Abil.: . .     Spirit.Shd : .   (no gloves)
Res.Mut.  : .       Stasis     : .   (no boots)
Res.Rott. : .       Flight     : .   (no amulet)
Saprovore : + + .                    (no ring)
                                     f - +4 ring of strength

@: slightly resistant to hostile enchantments, fairly stealthy
A: disease resistance, carnivore 3, saprovore 2
a: no special abilities


You were on level 2 of the Dungeon.
You were very full.

You visited 1 branch of the dungeon, and saw 2 of its levels.

You collected 76 gold pieces.

Inventory:

Hand weapons
 a - a +0,+0 short sword (weapon)
Missiles
 i - 2 needles of sleeping
Armour
 c - a +0 buckler (worn)
 g - a +0 orcish robe (worn)
Comestibles
 d - 2 meat rations
Scrolls
 b - 3 scrolls of teleportation {unknown}
 e - 2 scrolls of magic mapping {unknown}
 j - a scroll of random uselessness {unknown}
 k - a scroll of remove curse {unknown}
 l - 2 scrolls of identify {unknown}
Jewellery
 f - a +4 ring of strength (left hand)
Potions
 h - a potion of agility {unknown}
 m - a potion of poison {unknown}


   Skills:
 * Level 3.6 Fighting
 + Level 3.0 Short Blades
 + Level 2.7 Armour
 * Level 2.3 Dodging
 * Level 1.5 Stealth
 * Level 2.9 Shields


You had 3 spell levels left.
You didn't know any spells.

Dungeon Overview and Level Annotations

Branches:
Dungeon (2/27)

Altars:

Annotations:
D:2 Terence


Innate Abilities, Weirdness & Mutations

You recuperate from illness quickly.
You are small and have problems with some larger weapons.
You are carnivorous and can eat meat at any time.
You can eat rotten meat.


Message History

The gnoll hits you with a halberd!
* * * LOW HITPOINT WARNING * * *
You hit the gnoll.
The gnoll is moderately wounded.
You block the gnoll's attack.
You hit the gnoll but do no damage.
The gnoll is moderately wounded.
The gnoll misses you.
You hit the gnoll but do no damage.
The gnoll is moderately wounded.
The gnoll barely misses you.
You hit the gnoll.
The gnoll is heavily wounded.
You hit the gnoll but do no damage.
The gnoll is heavily wounded.
You hit the gnoll.
The gnoll is severely wounded.
The gnoll hits you with a halberd!
Ouch! That really hurt!
You die...

#...#............#
#.
#...#..)#.#......# #
. #......#.....###.#
..# ###....#.....#
.# ....
#....#.....###.##
....
#....##.#..)....#
...
#....##.#.##...##.#
#####.
#.........gg..).....
.......
###.......#@...##..
#.... #.......#.####
#....
#...g...#.....#
.@...
#.....l.#.....# ....
g.....#........ #..
####.#.....### .
#.#.###.# .#.. .#
...


You could see 2 gnolls.

Vanquished Creatures
  An adder (D:2)
  2 gnolls (D:2)
  A ball python (D:1)
  6 hobgoblins
  9 jackals (D:1)
  5 bats
  4 giant cockroaches
  4 giant geckos (D:1)
  A giant newt (D:1)
  3 goblins
  5 kobolds
  4 rats (D:1)
45 creatures vanquished.

Notes
Turn   | Place    | Note
--------------------------------------------------------------
     0 | D:1      | Leibowitz, the Kobold Fighter, began the quest for the Orb.
     0 | D:1      | Reached XP level 1. HP: 14/14 MP: 0/0
   340 | D:1      | Reached XP level 2. HP: 17/19 MP: 1/1
   675 | D:1      | Reached skill level 1 in Dodging
   675 | D:1      | Reached XP level 3. HP: 24/24 MP: 2/2
   789 | D:1      | Reached skill level 1 in Stealth
  1067 | D:2      | Noticed Terence
  1084 | D:2      | Reached XP level 4. HP: 26/28 MP: 3/3
  1599 | D:2      | Mangled by a gnoll

Action                   |  1- 3 |  4- 6 || total
-------------------------+-------+-------++-------
Melee: Short sword       |   140 |    46 ||   186
 Stab: Distracted        |     1 |       ||     1
       Sleeping          |     1 |       ||     1
